 Dungeon Crawl Stone Soup version 0.23.0 (webtiles) character file.

Game seed: 11253139531859777018

70 Monsterracer the Sneak (level 4, -1/21 HPs)
             Began as a Spriggan Enchanter on Feb 18, 2019.
             Slain by a jackal (2 damage)
             ... on level 3 of the Dungeon.
             The game lasted 00:03:00 (2887 turns).

Monsterracer the Sneak (Spriggan Enchanter)         Turns: 2887, Time: 00:03:00

Health: -1/21      AC:  2    Str:  4    XL:     4   Next: 3%
Magic:  1/10       EV: 18    Int: 17    God:
Gold:   156        SH:  0    Dex: 16    Spells: 1/10 levels left

rFire    . . .     SeeInvis +   a - +1 dagger
rCold    . . .     Gourm    .   (shield restricted)
rNeg     . . .     Faith    .   b - +0 robe
rPois    .         Spirit   .   (helmet restricted)
rElec    .         Reflect  .   m - scarf {cloud immunity}
rCorr    .         Harm     .   (gloves unavailable)
MR       .....                  (boots unavailable)
Stlth    +++.......             (no amulet)
HPRegen  0.07/turn              (no ring)
MPRegen  0.12/turn              (no ring)

@: very slightly contaminated, very quick
A: very small, unfitting armour, see invisible, herbivore, speed 3, slow
metabolism 2
a: no special abilities


You were on level 3 of the Dungeon.
You were not hungry.

You visited 1 branch of the dungeon, and saw 3 of its levels.

You collected 156 gold pieces.

Inventory:

Hand Weapons
 a - a +1 dagger (weapon)
Armour
 b - a +0 robe (worn)
 m - a scarf of cloud immunity (worn)
Scrolls
 d - 3 scrolls of enchant armour {unknown}
 f - 3 scrolls of identify {unknown}
 h - a scroll of remove curse {unknown}
 j - a scroll of fog {unknown}
 k - a scroll of enchant weapon {unknown}
Potions
 e - 2 potions of curing
 g - a potion of flight {unknown}
 i - 2 potions of berserk rage {unknown}
 l - 2 potions of brilliance {unknown}


   Skills:
 + Level 2.1 Short Blades
 - Level 3.0 Dodging
 + Level 5.2 Stealth
 * Level 3.9 Spellcasting
 + Level 4.2 Hexes


You had one spell level left.
You knew the following spells:

 Your Spells              Type           Power        Failure   Level  Hunger
a - Dazzling Spray        Conj/Hex       ##....       21%         3    ###....
b - Ensorcelled Hibernat  Hex/Ice        ##....       10%         2    ##.....
c - Confuse               Hex            ###.....     9%          3    ###....
j - Corona                Hex            ###....      2%          1    None

Your spell library contained the following spells:

 Spells                   Type           Power        Failure   Level  Hunger
 Tukima's Dance           Hex            ###.....     9%          3    ###....


Dungeon Overview and Level Annotations

Branches:
Dungeon (3/15)

Altars:
Okawaru
Ru
Trog


Innate Abilities, Weirdness & Mutations

You are very small and have problems with some larger weapons.
You are too small for most types of armour.
You have supernaturally acute eyesight. (SInv)
You are a herbivore.
You cover ground extremely quickly.
You need to consume almost no food.


Message History

You hit the adder.
The adder is moderately wounded.
The adder completely misses you.
You hit the adder.
The adder is moderately wounded.
The adder completely misses you.
You hit the adder but do no damage.
The adder is moderately wounded.
You feel sick. The adder bites you but does no damage.
You barely miss the adder.
The adder is moderately wounded.
The adder closely misses you.
You closely miss the adder.
The adder is moderately wounded.
A jackal comes into view.
The adder barely misses you.
You hit the adder but do no damage.
The adder is moderately wounded.
The adder bites you.
* * * LOW HITPOINT WARNING * * *
A jackal comes into view.
You take 3 damage, and have 6/21 hp.
Unknown command.
You closely miss the adder.
The adder is moderately wounded.
The adder completely misses you. The adder bites you but does no damage.
You barely miss the adder.
The adder is moderately wounded.
You feel sick. The adder misses you.
You take 1 damage, and have 5/21 hp.
You hit the adder.
The adder is moderately wounded.
The adder bites you.
* * * LOW HITPOINT WARNING * * *
You are lethally poisoned!
The adder poisons you!
You take 2 damage, and have 3/21 hp.
Unknown command.
The adder barely misses you.
The adder stops glowing.
* * * LOW HITPOINT WARNING * * *
You feel sick.
You take 1 damage, and have 2/21 hp.
It was a potion of curing.
You feel better. The adder misses you.
You regained 9 hp, and now have 11/21 hp.
An adder comes into view.
The adder hisses angrily.
The adder moves out of view.
Casting: Corona (safe; 2% risk of failure)
Confirm with . or Enter, or press ? or * to list all spells.
Aiming: Ensorcelled Hibernation (safe; 10% risk of failure)
Press: ? - help, Shift-Dir - straight line, f/p - adder
Aim: an adder (moderately wounded, chance to defeat MR: 50%)
You miscast Ensorcelled Hibernation.
You are very lightly contaminated with residual magic.
You feel a bit tired. The adder barely misses you.
You now have 0/10 mp.
A jackal comes into view.
A jackal comes into view.
The jackal barks! x2
The jackal misses you.
You hit the jackal but do no damage. The jackal closely misses you.
The jackal completely misses you. The jackal closely misses you.
You hit the jackal.
The jackal is heavily wounded.
The jackal bites you.
* * * LOW HITPOINT WARNING * * *
The adder closely misses you. The jackal closely misses you.
The jackal bites you.
* * * LOW HITPOINT WARNING * * *
You take 5 damage, and have 7/21 hp.
MASSIVE DAMAGE!!
You hit the jackal but do no damage. The jackal barely misses you.
The jackal closely misses you. The adder misses you. The jackal bites you.
* * * LOW HITPOINT WARNING * * *
The jackal misses you. x2
You take 1 damage, and have 6/21 hp.
You hit the jackal.
The jackal is severely wounded.
The jackal closely misses you. The adder completely misses you.
The jackal misses you. The jackal barely misses you. The jackal bites you.
* * * LOW HITPOINT WARNING * * *
The jackal bites you.
* * * LOW HITPOINT WARNING * * *
You take 3 damage, and have 3/21 hp.
You hit the jackal.
You kill the jackal!
The adder misses you. The jackal bites you.
* * * LOW HITPOINT WARNING * * *
The jackal misses you. The jackal closely misses you. The adder misses you.
You take 2 damage, and have 1/21 hp.
You closely miss the adder. The jackal closely misses you.
The adder closely misses you. The jackal barely misses you.
The jackal closely misses you. The adder completely misses you.
The jackal barely misses you. The adder completely misses you.
Unknown command.
You hit the adder.
The adder is lightly wounded.
The jackal misses you. The jackal bites you.
You die...

... .. #....###.##
#.......... .
#........###.
#........... #
##.........####.####
#...........#†......
#..>..Sh............
#...S@....#.#.#...
#.#.#hh...#.#
#.#.#<....#.#.
#h#.##.........
#S#.##.#.#.#.##
#######.#.#..........
#.......#.##.#.#.#..##
...S#...............#
#. #.###h##.#.#.#..#


You could see 2 adders and 3 jackals.

Vanquished Creatures
  2 adders (D:2)
  3 dart slugs (D:1)
  2 giant cockroaches
  7 goblins
  5 hobgoblins
  5 jackals
  A quokka (D:2)
  7 bats
  3 frilled lizards (D:2)
  3 kobolds
  7 rats
45 creatures vanquished.

Notes
Turn   | Place    | Note
-------+----------+-------------------------------------------
     0 | D:1      | Monsterracer the Spriggan Enchanter began the quest for the
                  | Orb.
     0 | D:1      | Reached XP level 1. HP: 9/9 MP: 5/5
   310 | D:1      | Reached XP level 2. HP: 12/13 MP: 7/7
   314 | D:1      | Learned a level 2 spell: Ensorcelled Hibernation
   721 | D:1      | HP: 6/13 [goblin/+0 dagger (3)]
   958 | D:1      | HP: 4/13 [hobgoblin/+0 club (3)]
  1264 | D:1      | HP: 3/13 [goblin/cursed -1 club (4)]
  1572 | D:1      | Reached XP level 3. HP: 16/16 MP: 8/8
  1588 | D:1      | Learned a level 3 spell: Confuse
  1592 | D:1      | Learned a level 3 spell: Dazzling Spray
  1922 | D:2      | Reached skill level 5 in Stealth
  2030 | D:2      | Noticed a moth of wrath
  2082 | D:2      | Found a bloodstained altar of Trog.
  2421 | D:2      | Found a sacrificial altar of Ru.
  2453 | D:2      | Found a faded altar of an unknown god.
  2504 | D:2      | Found an iron altar of Okawaru.
  2832 | D:3      | Reached XP level 4. HP: 21/21 MP: 10/10
  2850 | D:3      | HP: 10/21 [poisoned by an adder]
  2857 | D:3      | HP: 9/21 [poisoned by an adder]
  2862 | D:3      | HP: 5/21 [poisoned by an adder]
  2866 | D:3      | HP: 2/21 [poisoned by an adder]
  2882 | D:3      | HP: 9/21 [jackal (3)]
  2884 | D:3      | HP: 3/21 [jackal (2)]
  2885 | D:3      | HP: 1/21 [jackal (2)]
  2887 | D:3      | Slain by a jackal

Skill      XL: |  1  2  3 |
---------------+----------+-----
Spellcasting   | 3 |  3.9
Hexes          | 4 |  4.2
Stealth        | 5 |  5.2
Short Blades   | 2 |  2.1
Dodging        | |  3.0

Action                   |  1- 3 |  4- 6 || total
-------------------------+-------+-------++-------
Melee: Dagger            |   125 |    25 ||   150
 Cast: Corona            |     5 |     1 ||     6
       Ensorcelled Hiber |    16 |     5 ||    21
  Use: Potion            |       |     1 ||     1
 Stab: Sleeping          |    22 |       ||    22
       Distracted        |     1 |       ||     1
  Eat: Ration            |     1 |       ||     1
Armor: Robe              |     5 |     3 ||     8
Dodge: Dodged            |    98 |    50 ||   148

Levels and vault maps discovered:
D:1:      sevenhm_arrival_forest_fort_large_4, layout_basic,
          chequers_hall_statues_y
D:2:      layout_basic, okawaru_trees_1, overflow_temple_1_default, tgw_trog,
          chequers_ecumenical_altar_simple_redux, kennysheep_generic_room_7
D:3:      layout_basic, lemuel_doored_altar, serial_glass, glass_columns_a,
          glass_columns_b, portal_sewer_entry_b, nrook_campfire,
          minmay_hedge_maze, kennysheep_nub
